 Dungeon Crawl Stone Soup version 0.32-a0-933-ga8fa363 (webtiles) character file.

Game seed: 1924323873841192947

19541 Lovepenguin the Unseen (level 12, -6/53 HPs)
             Began as a Spriggan Brigand on Apr 14, 2024.
             Was a Believer of Dithmenos.
             Mangled by a skyshark (10 damage)
             ... on level 2 of the Lair of Beasts.
             The game lasted 00:37:38 (16825 turns).

Lovepenguin the Unseen (Spriggan Brigand)          Turns: 16825, Time: 00:37:39

Health: -6/53      AC:  8    Str:  7    XL:     12   Next: 37%
Magic:  24/26      EV: 16    Int: 14    God:    Dithmenos [**....]
Gold:   800        SH:  0    Dex: 24    Spells: 17/29 levels left

rFire   . . .        a - +2 dagger (venom)
rCold   . . .        (no shield)
rNeg    . . .        k - +5 robe of Night {Dark Will+ SInv}
rPois   +            (helmet restricted)
rElec   .            J - +0 cloak
rCorr   .            (gloves unavailable)
SInv    +            (boots unavailable)
Will    ++++.        D - amulet of the acrobat Stlth *+++++++++
                     q - ring of poison resistance
HPRegen 0.28/turn    S - ring "Xiur" {Will+ Dex+4 SInv}
MPRegen 0.20/turn

%: acrobat
@: wreathed by umbra, very quick
A: very small, no large weapons, unfitting armour, see invisible, speed 3
a: Renounce Religion, Shadow Step


You were on level 2 of the Lair of Beasts.
You worshipped Dithmenos.
Dithmenos was pleased with you.
You visited 3 branches of the dungeon, and saw 14 of its levels.
You also visited: Bailey and Ice Cave.

You collected 800 gold pieces.

Inventory:

Hand Weapons
 a - a +2 dagger of venom (weapon)
 I - the +0 orcbow "Grom" {elec, Str+2 Int+2}
   (You found it in a bailey)

   Str+2:     It affects your strength (+2).
   Int+2:     It affects your intelligence (+2).
 O - a +0 rapier
Missiles
 d - 35 poisoned darts (quivered)
 e - 3 curare-tipped darts
 v - 2 throwing nets
 M - 5 darts of dispersal
Armour
 k - the +5 robe of Night (worn) {Dark Will+ SInv}
   (You acquired it on level 7 of the Dungeon)

   Dark:      It shrouds the wearer in darkness, reducing the range at which
   they can see and be seen by others.
   Will+:     It increases your willpower.
   SInv:      It lets you see invisible.
 J - a +0 cloak (worn)
 L - a +0 robe of cold resistance
 R - the +1 robe of the Charming Gods {rCorr Str-5 Int-3 SInv Archmagi}
   (You found it on level 1 of the Lair of Beasts)

   Str-5:     It affects your strength (-5).
   Int-3:     It affects your intelligence (-3).
   SInv:      It lets you see invisible.
   rCorr:     It protects you from acid and corrosion.
   Archmagi:  It increases the power of your magical spells.
Jewellery
 q - a ring of poison resistance (left hand)
 t - a ring of flight
 w - the ring "Zavit" {Ice rElec Will- SInv Stlth-}
   (You found it on level 5 of the Dungeon)

   [ring of ice]

   Ice:       It enhances your ice magic.
   rF-:       It makes you vulnerable to fire.
   rC+:       It protects you from cold.
   rElec:     It insulates you from electricity.
   Will-:     It decreases your willpower.
   SInv:      It lets you see invisible.
   Stlth-:    It makes you less stealthy.
 D - an amulet of the acrobat (around neck)
 N - a ring of fire
 P - a ring of wizardry
 S - the ring "Xiur" (right hand) {Will+ Dex+4 SInv}
   (You found it on level 1 of the Lair of Beasts)

   [ring of see invisible]

   Dex+4:     It affects your dexterity (+4).
   Will+:     It increases your willpower.
   SInv:      It lets you see invisible.
Wands
 i - a wand of digging (4)
 A - a wand of flame (9)
 B - a wand of warping (5)
Scrolls
 b - a scroll of poison {unknown}
 c - 2 scrolls of amnesia {unknown}
 f - 5 scrolls of fog
 j - a scroll of revelation
 m - 4 scrolls of blinking
 n - a scroll of torment {unknown}
 p - 2 scrolls of noise {unknown}
 r - 3 scrolls of immolation
 x - a scroll of enchant armour {unknown}
 y - 4 scrolls of enchant weapon
 C - 4 scrolls of teleportation {unknown}
 F - 3 scrolls of vulnerability {unknown}
 T - a scroll of butterflies {unknown}
Potions
 g - 3 potions of might
 h - a potion of attraction
 l - 2 potions of ambrosia
 o - 4 potions of haste
 s - 4 potions of magic
 u - 2 potions of cancellation
 z - 7 potions of curing
 E - a potion of heal wounds {unknown}
 G - a potion of lignification {unknown}
 H - 4 potions of resistance
 K - a potion of mutation {unknown}
 Q - a potion of enlightenment {unknown}


   Skills:
 - Level 1.5 Fighting
 - Level 10.0 Short Blades
 - Level 2.0 Throwing
 - Level 1.3 Dodging
 + Level 20.8 Stealth
 * Level 9.2 Spellcasting
 * Level 9.2 Hexes
 + Level 4.9 Earth Magic
 + Level 4.1 Invocations


You had 17 spell levels left.
You knew the following spells:

 Your Spells              Type           Power      Damage    Failure   Level
a - Ensorcelled Hibernat  Hex/Ice        38%        N/A       2%          2
c - Tukima's Dance        Hex            32%        N/A       1%          3
d - Passwall              Erth           20%        N/A       4%          3
r - Passage of Golubria   Tloc           6%         N/A       75%         4

Your spell library contained the following spells:

 Spells                   Type           Power      Damage    Failure   Level
 Apportation              Tloc           12%        N/A       12%         1
 Necrotise                Necr           24%        1d5       12%         1
 Sting                    Conj/Alch      24%        1d4       12%         1
 Summon Small Mammal      Summ           24%        N/A       12%         1
 Scorch                   Fire           12%        2d5       17%         2
 Anguish                  Hex/Necr       9%         N/A       17%         4
 Fugue of the Fallen      Necr           6%         N/A       34%         3
 Swiftness                Air            6%         N/A       34%         3
 Yara's Violent Unravell  Hex/Alch       9%         3d6       43%         5
 Flame Wave               Conj/Fire      6%         2d5       75%         4
 Ignite Poison            Fire/Alch      6%         N/A       75%         4
 Sticky Flame             Fire/Alch      6%         2d4       75%         4
 Summon Cactus Giant      Summ           3%         N/A       100%        6
 Ignition                 Fire           3%         3d4       100%        8


Dungeon Overview and Level Annotations

Branches:
Dungeon (11/15) Zot: 26244  Temple (1/1) D:6 Zot: 5998    Lair (2/5) D:9 Zot: 10705
 Spider (0/4) Lair:2       Bailey (visited)           IceCv (visited)
  Swamp: Lair:2-3    Shoals: Lair:2-3       Orc: D:9-12

Altars:
Ashenzari
Cheibriados
Dithmenos
Elyvilon
Fedhas
Gozag
Hepliaklqana
Kikubaaqudgha
Makhleb
Nemelex Xobeh
Okawaru
Qazlal
Ru
Sif Muna
Trog
Uskayaw
Vehumet
Wu Jian
Xom
Yredelemnul
Zin
The Shining One

Shops:
D:8 [

Annotations:
Lair:2 exclusions: elephant and 2 water moccasins


Innate Abilities, Weirdness & Mutations

You are very small and have problems with some larger weapons.
You are too small for most types of armour.
You have supernaturally acute eyesight. (SInv)
You cover ground extremely quickly. (Speed+++)


Message History

Dithmenos accepts your kill.
Casting: Ensorcelled Hibernation (safe; 2% risk of failure)
Confirm with . or Enter, or press ? or * to list all spells.
Aiming: Ensorcelled Hibernation (safe; 2% risk of failure)
Press: ? - help, Shift-Dir - straight line, f - skyshark
Aim: a skyshark (umbra, chance to affect: 34%)
The skyshark easily resists.
The water moccasin hisses angrily.
You lose 1MP, and have [23/26] MP The skyshark attacks as it pursues you!
The skyshark closely misses you. The skyshark completely misses you.
The skyshark tail-slaps you.
You take 1 HP, and have [52/53] HP The skyshark bites you.
The skyshark tastes blood and grows stronger!
The skyshark completely misses you. The skyshark closely misses you.
You take 6 HP, and have [46/53] HP The skyshark attacks as it pursues you!
The skyshark bites you!
The skyshark enters a blood-rage!
The skyshark completely misses you. x2
You take 13 HP, and have [33/53] HP !!!!!
HP Warning !!!!!
The skyshark rages.
The skyshark attacks as it pursues you! The skyshark completely misses you.
The skyshark closely misses you. The skyshark completely misses you.
The skyshark completely misses you. The skyshark closely misses you.
The skyshark tail-slaps you.
You take 4 HP, and have [30/53] HP The skyshark attacks as it pursues you!
The skyshark closely misses you. The skyshark completely misses you.
The skyshark barely misses you. The skyshark misses you.
The skyshark completely misses you. The skyshark tail-slaps you!
You take 10 HP, and have [21/53] HP Throw: 3 throwing nets
Press: ? - help, Q - select action, (/) - cycle Shift-Dir - straight line, f/p - skyshark
Aim: a skyshark (berserk, umbra, 70% to hit)
You throw a throwing net.
The throwing net closely misses the skyshark.
The skyshark bites you!!
* * * LOW HITPOINT WARNING * * *
The skyshark tail-slaps you!
You die...

...## ##.#...........### ####
###..##............#### #
###....<#.....##......#P##
###.......รท#..####.........#
#....)..........###........##
#.........#....#.##.........#
###.............###.........#
#..#.....#.......#.........##
####.....#.##..<@..............#
......#########.F..............#
...#### ##...............# ..###
##.S.....).....## ..#.#
##............## ....##
##...#........# .....##
#..##.......## ......##
##..##P...### .......# ##
#P..###.###


You could see a skyshark (berserk) and a water moccasin.

Vanquished Creatures
  A hydra (D:8)
  A centaur warrior (D:8)
  A two-headed ogre (D:10)
  2 boulder beetles (D:11)
  Pikel (D:5)
  An orc knight (Bailey)
  A manticore (D:11)
  4 cane toads
  3 kobold demonologists
  2 komodo dragons
  2 hornets
  Grinder (D:3)
  Sigmund (D:3)
  3 culicivoras (Lair:2)
  7 wyverns
  A shadow (D:10)
  2 wraiths
  21 yaks
  5 steam dragons
  Duvessa (D:5)
  An acid dragon (D:11)
  2 water moccasins (Lair:1)
  3 ice beasts
  2 sky beasts
  A black bear (Lair:1)
  10 orc warriors
  A centaur (D:8)
  3 phantoms
  A lemure (D:5)
  2 weeping skulls (D:7)
  3 kobold brigands
  8 bullfrogs
  A wyvern zombie (D:7)
  2 scorpions (D:5)
  A scorpion (shapeshifter) (D:8)
  A two-headed ogre simulacrum (D:11)
  2 gnoll sergeants
  10 wights
  Dowan (D:5)
  11 killer bees
  An elephant simulacrum (IceCv)
  7 howler monkeys
  7 electric eels (Bailey)
  3 bombardier beetles
  A centaur zombie (D:7)
  6 hounds
  A human zombie (D:7)
  2 jellies (D:6)
  2 orc priests (D:11)
  3 gnoll boudas
  Jessica (D:3)
  A sleepcap (D:5)
  An iguana (D:3)
  5 orc wizards
  3 killer bee zombies (D:7)
  A spriggan simulacrum (D:11)
  2 mummies (D:7)
  20 gnolls
  7 adders
  4 naga simulacra
  A shadow imp (D:6)
  2 white imps (D:6)
  3 ufetubi
  3 dart slugs
  2 ribbon worms
  16 orcs
  9 endoplasms
  3 giant cockroaches
  13 goblins
  11 hobgoblins
  3 jackals (D:4)
  19 kobolds
  6 quokkas
  9 ball pythons
  4 bats
  6 frilled lizards
  7 rats
322 creatures vanquished.

Vanquished Creatures (collateral kills)
  Jeremiah (Lair:1)
1 creature vanquished.

Vanquished Creatures (others)
  An arcanist (D:8)
1 creature vanquished.

Grand Total: 324 creatures vanquished

Notes
Turn   | Place    | Note
-------+----------+-------------------------------------------
     0 | D:1      | Lovepenguin the Spriggan Brigand began the quest for the
                  | Orb.
     0 | D:1      | Reached XP level 1. HP: 10/10 MP: 2/2
   137 | D:1      | Reached skill level 6 in Stealth
   156 | D:1      | Reached XP level 2. HP: 8/14 MP: 3/3
   373 | D:1      | Found a faded altar of an unknown god.
   913 | D:2      | Reached XP level 3. HP: 17/18 MP: 4/4
  1561 | D:3      | Found a radiant altar of Vehumet.
  1572 | D:3      | Found a shimmering altar of Xom.
  1575 | D:3      | Found a sacrificial altar of Ru.
  1591 | D:3      | Reached skill level 7 in Stealth
  1591 | D:3      | Reached XP level 4. HP: 21/22 MP: 5/5
  1692 | D:3      | Reached XP level 5. HP: 18/25 MP: 4/6
  1740 | D:3      | Reached skill level 5 in Short Blades
  1799 | D:3      | Noticed Jessica
  1942 | D:3      | Killed Jessica
  2151 | D:3      | Noticed Grinder
  2508 | D:4      | Found a shimmering blue altar of Sif Muna.
  2535 | D:4      | Found a glowing silver altar of Zin.
  2656 | D:4      | Reached skill level 8 in Stealth
  2664 | D:4      | Reached XP level 6. HP: 27/30 MP: 5/7
  2945 | D:4      | Found an ornate altar of the Wu Jian Council.
  3357 | D:5      | Entered Level 5 of the Dungeon
  3388 | D:5      | Identified the ring "Zavit" {Ice rElec Will- SInv Stlth-}
  3454 | D:5      | Noticed Pikel
  3532 | D:5      | Reached skill level 9 in Stealth
  3532 | D:5      | Reached XP level 7. HP: 24/33 MP: 5/8
  3627 | D:5      | Found a white marble altar of Elyvilon.
  3810 | D:5      | Found an ancient bone altar of Kikubaaqudgha.
  3934 | D:5      | Killed Pikel
  3935 | D:5      | Reached skill level 10 in Stealth
  3935 | D:5      | Reached XP level 8. HP: 28/37 MP: 6/9
  3986 | D:5      | Noticed Duvessa
  3991 | D:5      | Killed Duvessa
  3992 | D:5      | Noticed Dowan
  4003 | D:5      | Killed Dowan
  4252 | D:6      | Reached skill level 11 in Stealth
  4472 | D:6      | Reached skill level 10 in Short Blades
  4611 | D:6      | Reached skill level 12 in Stealth
  5133 | D:6      | Reached skill level 13 in Stealth
  5149 | D:6      | Reached XP level 9. HP: 34/41 MP: 10/10
  5349 | D:6      | Found a staircase to the Ecumenical Temple.
  5418 | Temple   | Entered the Ecumenical Temple
  5818 | D:7      | Reached skill level 14 in Stealth
  5828 | D:7      | Found a flagged portal.
  5933 | Bailey   | Entered a bailey
  6306 | Bailey   | Noticed a kobold demonologist
  6323 | Bailey   | Reached skill level 15 in Stealth
  6375 | Bailey   | Noticed a hellwing
  6376 | Bailey   | Killed a kobold demonologist
  6482 | Bailey   | Reached skill level 16 in Stealth
  6660 | Bailey   | Noticed an orc knight
  6664 | Bailey   | Found an iron altar of Okawaru.
  6665 | Bailey   | Killed an orc knight
  6666 | Bailey   | Reached skill level 17 in Stealth
  6666 | Bailey   | Noticed a kobold demonologist
  6971 | Bailey   | Reached skill level 18 in Stealth
  6971 | Bailey   | Reached XP level 10. HP: 46/46 MP: 11/11
  7084 | Bailey   | Noticed an orange demon
  7278 | Bailey   | Identified the -1 helmet of Lies {-Tele Str+3 Int+3}
  7316 | Bailey   | Identified the +0 orcbow "Grom" {elec, Str+2 Int+2}
  7705 | D:7      | Found a basalt altar of Yredelemnul.
  7960 | D:7      | Reached skill level 19 in Stealth
  8957 | D:7      | Learned a level 3 spell: Passwall
  8960 | D:7      | Learned a level 2 spell: Ensorcelled Hibernation
  8964 | D:7      | Acquired the +5 robe of Night {Dark Will+ SInv}
  8964 | D:7      | Found the +5 robe of Night {Dark Will+ SInv}
  9033 | D:8      | Learned a level 4 spell: Passage of Golubria
  9100 | D:8      | Reached skill level 1 in Spellcasting
  9100 | D:8      | Reached skill level 1 in Hexes
  9346 | D:8      | Noticed a four-headed hydra
  9347 | D:8      | Noticed a centaur warrior
  9349 | D:8      | Reached skill level 1 in Earth Magic
  9352 | D:8      | Killed a four-headed hydra
  9361 | D:8      | Killed a centaur warrior
  9763 | D:8      | Found a bloodstained altar of Trog.
  9767 | D:8      | Noticed a wizard
  9773 | D:8      | Killed a wizard
  9867 | D:8      | Found Etax Len's Antique Armour Boutique.
 10294 | D:9      | Found a burning altar of Makhleb.
 10303 | D:9      | Reached XP level 11. HP: 49/49 MP: 19/19
 10307 | D:9      | Reached skill level 5 in Spellcasting
 10308 | D:9      | Reached skill level 5 in Hexes
 10316 | D:9      | Found a staircase to the Lair.
 10371 | D:9      | Found an iron altar of Okawaru.
 10396 | D:9      | Found a shadowy altar of Dithmenos.
 10401 | D:9      | Became a worshipper of Dithmenos the Shadowed
 10454 | D:9      | Learned a level 3 spell: Tukima's Dance
 10797 | D:9      | Reached skill level 1 in Invocations
 10836 | D:9      | Reached skill level 20 in Stealth
 11433 | D:9      | Reached * piety under Dithmenos
 12031 | D:3      | Noticed Sigmund
 12034 | D:3      | Found a snail-covered altar of Cheibriados.
 12034 | D:3      | Found a broken altar of Ashenzari.
 12038 | D:3      | Killed Sigmund
 12234 | D:3      | Killed Grinder
 12605 | D:10     | Entered Level 10 of the Dungeon
 12769 | D:10     | Noticed a two-headed ogre
 12776 | D:10     | Killed a two-headed ogre
 13226 | D:10     | Noticed a soul eater
 13801 | D:11     | Found a frozen archway.
 13849 | IceCv    | Entered an ice cave
 13904 | D:11     | Noticed a boulder beetle
 13928 | D:11     | Killed a boulder beetle
 14212 | D:11     | Noticed a boulder beetle
 14214 | D:11     | Killed a boulder beetle
 14396 | D:11     | Reached ** piety under Dithmenos
 14744 | D:11     | Reached XP level 12. HP: 53/53 MP: 25/25
 14904 | Lair:1   | Entered Level 1 of the Lair of Beasts
 15142 | Lair:1   | Noticed Jeremiah
 15361 | Lair:1   | Killed Jeremiah
 15499 | Lair:1   | Identified the +1 robe of the Charming Gods {rCorr Str-5
                  | Int-3 SInv Archmagi}
 15619 | Lair:1   | Identified the ring "Xiur" {Will+ Dex+4 SInv}
 16400 | Lair:2   | Found a hole to the Spider Nest.
 16825 | Lair:2   | Mangled by a skyshark

Illustrated notes

Levels and vault maps discovered:
D:1:      lemuel_arrival_tunnels, layout_loops_cross,
          shapermc_ecumenical_altar_totnotflames
D:2:      layout_rooms, serial_curves, eino_curves_02, eino_curves_04
D:3:      layout_basic, mainiacjoe_overflow_catwalk,
          nicolae_overflow_hidden_temple, dreamdust_princess_corridor,
          kennysheep_generic_room_5, uniq_sigmund, uniq_jessica, uniq_grinder
D:4:      layout_basic, nzn_wu_jian_contemplation, nicolae_overflow_squiral
D:5:      layout_loops_cross, kennysheep_mini, mainiacjoe_overflow_boulevard,
          uniq_duvessa, uniq_pikel
D:6:      layout_rooms, minmay_temple_entry_waves, serial_aquarium,
          aquarium_bridge_island_large [aquarium_subvault_large_open,
          aquarium_subvault_wall, aquarium_subvault_bridge,
          aquarium_subvault_bridge, aquarium_subvault_window],
          aquarium_window_2, aquarium_window_2, aquarium_window_2,
          aquarium_window_2, aquarium_view_2b, aquarium_view_2d, minivault_27
D:7:      layout_basic, lemuel_mausoleum_altar_yredelemnul, enter_bailey_2
D:8:      minmay_distorted_concentric_squares, layout_layer_cave, trog_wizard,
          serial_shops, nicolae_shop_overgrown_old_shop, roderic_roman_lattice
D:9:      layout_basic, mainiacjoe_overflow_paths, mainiacjoe_overflow_brackets,
          bloody_makhleb, lair_entry_dummy
D:10:     layout_basic
D:11:     layout_roguey, portal_ice_cave_entry_ice_simulacra, eino_jars
Temple:   hellmonk_temple_two_chambers
Lair:1:   layout_cave_pods, chequers_serial_rivers_large_a, uniq_jeremiah
Lair:2:   layout_cave_pods, palyth_hydra_swamp_entry,
          hellmonk_spider_entry_life_and_decay

Skill      XL: |  1  2  3  4  5  6  7  8  9 10 11 12 |
---------------+-------------------------------------+-----
Stealth        | 6 7 8 9 10 13 18 19 20 | 20.8
Short Blades   | 3 4 6 7 8 10 | 10.0
Spellcasting   | 4 8 9 |  9.2
Hexes          | 4 8 9 |  9.2
Earth Magic    | 2 4 |  4.9
Invocations    | 3 4 |  4.1
Fighting       | |  1.5
Throwing       | |  2.0
Dodging        | |  1.3

Action                     |  1- 3 |  4- 6 |  7- 9 | 10-12 || total
---------------------------+-------+-------+-------+-------++-------
  Melee: Dagger            |   116 |   138 |   275 |   475 ||  1004
  Throw: Dart              |       |       |     3 |     5 ||     8
         Throwing net      |       |       |       |     3 ||     3
   Cast: Passwall          |       |       |       |    20 ||    20
         Ensorcelled Hiber |       |       |       |    64 ||    64
         Tukima's Dance    |       |       |       |     1 ||     1
  Evoke: Wand              |       |       |    16 |    20 ||    36
    Use: Potion            |     2 |       |       |       ||     2
         Scroll            |       |       |     7 |     6 ||    13
   Stab: Sleeping          |    10 |    13 |    12 |   114 ||   149
         Distracted        |       |       |     2 |     4 ||     6
         Held in net/web   |       |       |       |     2 ||     2
 Armour: Robe              |    36 |    45 |    70 |   117 ||   268
  Dodge: Dodged            |    56 |    65 |   107 |   191 ||   419

Table legend: (Time is in decaauts)
 A = Elapsed time spent in this place.
 B = Non-inter-level travel time spent in this place.
 C = Inter-level travel time spent in this place.
 D = Time resting spent in this place.
 E = Time spent auto-exploring this place.
 F = Levels seen in this place.
 G = Mean time per level.
                   A        B        C        D        E       F      G
               +--------+--------+--------+--------+--------+-----+--------+
         Total |  11786 |  11034 |    752 |   1389 |   6815 |  16 |  736.6 |
       Dungeon |   9084 |   8362 |    722 |    557 |   5763 |  11 |  825.8 |
        Temple |      1 |      1 |      0 |      0 |      0 |   1 |    1.0 |
          Lair |   1293 |   1263 |     30 |     81 |    910 |   2 |  646.5 |
        Bailey |   1370 |   1370 |      0 |    750 |    141 |   1 | 1370.0 |
      Ice Cave |     36 |     36 |      0 |      0 |      0 |   1 |   36.0 |
               +--------+--------+--------+--------+--------+-----+--------+

Top non-repeatable levels by time:
  Bailey: 1370 daAuts
     D:9: 1190 daAuts
     D:7: 1189 daAuts
     D:6: 936 daAuts
     D:8: 915 daAuts
     D:5: 849 daAuts
  Lair:1: 834 daAuts
    D:10: 795 daAuts
     D:4: 788 daAuts
    D:11: 725 daAuts
     D:3: 678 daAuts
     D:1: 601 daAuts
  Lair:2: 458 daAuts
     D:2: 414 daAuts
   IceCv: 36 daAuts
